 Dungeon Crawl Stone Soup version 0.31-a0-232-gb1c03b2570 (webtiles) character file.

Game seed: 9590714950810285179

11252 prawn the Severer (level 11, -1/105 HPs)
             Began as a Hill Orc Monk on July 7, 2023.
             Was a Believer of Beogh.
             Slain by an acid dragon (11 damage)
             ... on level 11 of the Dungeon.
             The game lasted 00:38:43 (10674 turns).

prawn the Severer (Hill Orc Monk)                  Turns: 10674, Time: 00:38:44

Health: -1/105     AC: 13    Str: 25    XL:     11   Next: 74%
Magic:  11/11      EV:  8    Int: 10    God:    Beogh [**....]
Gold:   585        SH:  0    Dex: 13    Spells: 10/10 levels left

rFire   . . .        J - +1 broad axe (freeze)
rCold   . . .        d - orb {light}
rNeg    . . .        y - +1 plate armour
rPois   .            (no helmet)
rElec   .            l - +1 cloak
rCorr   .            u - +0 pair of gloves
SInv    .            s - +0 pair of boots
Will    .....        (no amulet) Stlth
                     w - +6 ring of strength
HPRegen 0.37/turn    (no ring)
MPRegen 0.12/turn

%: no passive effects
@: corroded, glowing
A: no striking features
a: Renounce Religion, Smiting


You were on level 11 of the Dungeon.
You worshipped Beogh.
Beogh was pleased with you.
You visited 1 branch of the dungeon, and saw 11 of its levels.

You collected 585 gold pieces.

Inventory:

Hand Weapons
 a - a +3 hand axe of flaming
 I - a +0 heavy hand axe
 J - a +1 broad axe of freezing (weapon)
Missiles
 b - a throwing net
Armour
 d - an orb of light (worn)
 l - a +1 cloak (worn)
 s - a +0 pair of boots (worn)
 t - the orb of an ossuary {mayhem, rElec rPois SInv}
   (You found it on level 6 of the Dungeon)

   rElec:     It insulates you from electricity.
   rPois:     It protects you from poison.
   SInv:      It lets you see invisible.
 u - a +0 pair of gloves (worn)
 y - a +1 plate armour (worn)
 A - +0 acid dragon scales
Jewellery
 r - a ring of wizardry
 w - a +6 ring of strength (left hand)
 B - a ring of wizardry
 G - a ring of flight
 H - the ring of Wishful Thinking {Will+++ MP+9 EV+5 Dex-2 Stlth-}
   (You found it on level 9 of the Dungeon)

   [ring of evasion]

   EV:        It affects your evasion (+5).
   Dex:       It affects your dexterity (-2).
   MP:        It affects your magic capacity (+9).
   Will:      It greatly increases your willpower.
   Stlth:     It makes you less stealthy.
Wands
 c - a wand of flame (36)
 j - a wand of mindburst (5)
 x - a wand of iceblast (11)
 z - a wand of light (5)
Scrolls
 f - a scroll of blinking
 g - a scroll of vulnerability
 i - 8 scrolls of teleportation
 K - a scroll of revelation
Potions
 e - 2 potions of might
 h - 5 potions of curing
 k - 2 potions of attraction
 m - a potion of mutation {unknown}
 n - a potion of cancellation
 o - 4 potions of haste
 p - a potion of invisibility
 q - 2 potions of degeneration
 v - a potion of magic
 C - a potion of enlightenment
 D - a potion of lignification
 E - a potion of heal wounds
Miscellaneous
 F - a phial of floods


   Skills:
 + Level 12.3 Fighting
 + Level 15.7 Axes
 + Level 10.6 Armour
 - Level 2.4 Dodging


You had 10 spell levels left.
You didn't know any spells.
Your spell library contained the following spells:

 Spells                   Type           Power      Damage    Failure   Level
 Beastly Appendage        Tmut           0%         N/A       98%         1
 Lesser Beckoning         Tloc           0%         N/A       99%         2
 Wereblood                Tmut           0%         N/A       99%         2
 Gell's Gravitas          Tloc           0%         N/A       100%        3
 Ozocubu's Armour         Ice            0%         N/A       100%        3
 Spider Form              Tmut/Pois      0%         N/A       100%        3
 Teleport Other           Tloc           0%         N/A       100%        3
 Metabolic Englaciation   Hex/Ice        0%         N/A       100%        5
 Simulacrum               Ice/Necr       0%         N/A       100%        6


Dungeon Overview and Level Annotations

Branches:
Dungeon (11/15)            Temple (0/1) D:5            Lair (0/5) D:9
    Orc (0/2) D:11

Altars:
Elyvilon
Kikubaaqudgha
Nemelex Xobeh
Qazlal
Ru
Trog
Vehumet

Shops:
D:3 *   D:4 =   D:9 (   D:11 [


Message History

An acid dragon comes into view.
The acid dragon roars!
You hit the ogre. You freeze the ogre.
The ogre is lightly wounded.
You hear a shout!
The acid dragon spits acid at you. The splash of acid hits you!!
The acid corrodes you!
The ogre hits you with a +0 giant spiked club.
You are too injured to fight recklessly!
You are too injured to fight recklessly!
You are too injured to fight recklessly!
You are too injured to fight recklessly!
You are too injured to fight recklessly!
You hit the ogre but do no damage.
The ogre is lightly wounded.
You hit the ogre. You freeze the ogre.
The ogre is moderately wounded.
The ogre hits you with a +0 giant spiked club!
The acid dragon spits acid at you. The splash of acid hits you!!
* * * LOW HITPOINT WARNING * * *
The acid corrodes you!
You hear a shout!
You slash the ogre! You freeze the ogre.
The ogre is severely wounded.
You slash the orc! You freeze the orc.
You kill the orc!
Beogh accepts your kill.
A hobgoblin comes into view. x2
The ogre hits you but does no damage.
You slash the ogre! You freeze the ogre.
You kill the ogre!
Beogh accepts your kill.
An orc comes into view. It is wielding a +0 short sword.
The acid dragon bites you.
* * * LOW HITPOINT WARNING * * *
The acid dragon claws you but does no damage.
You see here a +0 giant spiked club.
The acid dragon bites you!
You die...

#...#.#.)..#
#)†##.### #
#####.#.###
..##.##.))...##.
#.....#)).....#
#.#.#..##.##..#
#.)#...## .##
..#.##))##### #
.....oD@>...#
#.###g##g.#..# #
... #...## #..##
.....# #.#.
##.... # . ...#
# #.# .#


You could see an acid dragon, an orc and 2 hobgoblins.

Vanquished Creatures
  3 two-headed ogres
  A manticore (D:11)
  3 cyclopes
  Psyche (D:9)
  An efreet (D:9)
  A komodo dragon (D:9)
  2 trolls
  A shadow (D:9)
  A vampire (D:11)
  4 wyverns
  19 yaks
  2 steam dragons (D:9)
  2 acid dragons
  4 orc warriors
  2 sky beasts
  3 ogres
  3 centaurs
  A phantom (D:3)
  A kobold brigand (D:8)
  3 bullfrogs
  A scorpion (D:6)
  A wight (D:9)
  3 killer bees
  2 howler monkeys
  7 hounds
  4 orc priests
  A gnoll bouda (D:8)
  A jelly (D:4)
  4 sleepcaps
  4 iguanas
  14 orc wizards
  3 gnolls (D:8)
  6 adders
  A white imp (D:7)
  An ufetubus (D:5)
  6 worms
  A dart slug (D:2)
  23 orcs
  8 ball pythons
  9 endoplasms
  4 giant cockroaches
  5 goblins
  7 hobgoblins
  4 quokkas
  4 bats
  3 frilled lizards
  14 kobolds
  11 rats
210 creatures vanquished.

Vanquished Creatures (collateral kills)
  A killer bee (D:8)
  A gnoll (D:8)
  An orc (D:8)
3 creatures vanquished.

Vanquished Creatures (others)
  An orc priest (D:8)
  A gnoll (D:8)
  An orc (D:8)
3 creatures vanquished.

Grand Total: 216 creatures vanquished

Notes
Turn   | Place    | Note
-------+----------+-------------------------------------------
     0 | D:1      | prawn the Hill Orc Monk began the quest for the Orb.
     0 | D:1      | Reached XP level 1. HP: 19/19 MP: 1/1
   123 | D:1      | Reached XP level 2. HP: 26/26 MP: 2/2
   184 | D:1      | Found a faded altar of an unknown god.
   223 | D:1      | Reached skill level 5 in Axes
   396 | D:1      | Reached XP level 3. HP: 30/31 MP: 3/3
   833 | D:2      | Reached skill level 6 in Axes
   946 | D:2      | Reached XP level 4. HP: 37/39 MP: 4/4
  2042 | D:3      | Noticed a phantom
  2052 | D:3      | Killed a phantom
  2053 | D:3      | Reached skill level 7 in Axes
  2053 | D:3      | Reached XP level 5. HP: 38/45 MP: 5/5
  2101 | D:3      | Found Otsydoxt's Assorted Antiques.
  2125 | D:3      | Reached skill level 8 in Axes
  2616 | D:3      | Reached XP level 6. HP: 51/51 MP: 6/6
  2774 | D:4      | Reached skill level 9 in Axes
  2819 | D:4      | Found Zudgholun's Jewellery Emporium.
  2913 | D:4      | Found a sacrificial altar of Ru.
  3083 | D:4      | Reached skill level 10 in Axes
  3237 | D:4      | Reached XP level 7. HP: 39/58 MP: 7/7
  3440 | D:4      | Noticed a moth of wrath
  3457 | D:4      | Found a bloodstained altar of Trog.
  3663 | D:4      | Reached skill level 1 in Armour
  3890 | D:5      | Entered Level 5 of the Dungeon
  3931 | D:5      | Found a staircase to the Ecumenical Temple.
  4317 | D:5      | Found a radiant altar of Vehumet.
  4756 | D:6      | Reached skill level 5 in Fighting
  4985 | D:6      | Reached XP level 8. HP: 66/68 MP: 8/8
  5030 | D:6      | Reached skill level 11 in Axes
  5082 | D:6      | Identified the orb of an ossuary {mayhem, rElec rPois SInv}
  5369 | D:6      | Found an ancient bone altar of Kikubaaqudgha.
  5385 | D:6      | Found a white marble altar of Elyvilon.
  5985 | D:7      | Noticed a wyvern
  5990 | D:7      | Killed a wyvern
  5991 | D:7      | Reached skill level 5 in Armour
  6085 | D:7      | Reached XP level 9. HP: 79/79 MP: 9/9
  6539 | D:8      | Became a worshipper of Beogh the Brigand
  6539 | D:8      | Reached * piety under Beogh
  6539 | D:8      | Reached ** piety under Beogh
  6542 | D:8      | Noticed a troll
  6564 | D:8      | Killed a troll
  6565 | D:8      | Reached skill level 12 in Axes
  6865 | D:8      | Noticed a two-headed ogre
  6872 | D:8      | Killed a two-headed ogre
  7158 | D:8      | Noticed a two-headed ogre
  7171 | D:8      | Killed a two-headed ogre
  7172 | D:8      | Reached skill level 13 in Axes
  7172 | D:8      | Reached XP level 10. HP: 79/91 MP: 7/10
  7462 | D:8      | Found a stormy altar of Qazlal.
  7764 | D:9      | Noticed a two-headed ogre
  7838 | D:9      | Reached skill level 10 in Fighting
  8045 | D:9      | Reached skill level 14 in Axes
  8122 | D:9      | Identified the +3 mace of Checkmate {spect, Drain Dex+4}
  8127 | D:9      | Noticed Psyche
  8137 | D:9      | Killed Psyche
  8242 | D:9      | Found Wietiv's Weapon Shoppe.
  8273 | D:9      | Noticed a cyclops
  8273 | D:9      | Noticed a two-headed ogre
  8282 | D:9      | Killed a two-headed ogre
  8290 | D:9      | Killed a cyclops
  8345 | D:9      | Reached XP level 11. HP: 95/102 MP: 11/11
  8676 | D:9      | Identified the ring of Wishful Thinking {Will+++ MP+9 EV+5
                  | Dex-2 Stlth-}
  8923 | D:9      | Found a staircase to the Lair.
  9325 | D:10     | Entered Level 10 of the Dungeon
  9431 | D:10     | Found a sparkling altar of Nemelex Xobeh.
  9531 | D:10     | Reached skill level 15 in Axes
  9639 | D:10     | Reached skill level 10 in Armour
  9847 | D:10     | Noticed a cyclops
  9860 | D:10     | Killed a cyclops
 10223 | D:11     | Noticed a manticore
 10229 | D:11     | Killed a manticore
 10382 | D:11     | Found Notzung's Armour Boutique.
 10490 | D:11     | Noticed a cyclops
 10495 | D:11     | Killed a cyclops
 10664 | D:11     | Found a staircase to the Orcish Mines.
 10674 | D:11     | Slain by an acid dragon

Illustrated notes

Levels and vault maps discovered:
D:1:      ebering_trefoil_3fold, layout_rooms, ebering_ecumenical_altar_webs
D:2:      layout_loops_ring, minmay_crystal_water
D:3:      minmay_door_path, layout_loops_ring, serial_shops, shop,
          grunt_ministairs_3, minmay_misc_feat_cross
D:4:      layout_loops_ring, tgw_trog, hangedman_ru_absence, serial_shops,
          nicolae_shop_gibbet_a_chance, hangedman_glass_teeth
D:5:      layout_loops_ring, nicolae_vehumet_altar_sigil, temple_fountains,
          grunt_tough_drop
D:6:      layout_basic, mainiacjoe_overflow_swirl
D:7:      layout_gridville
D:8:      layout_rooms, grunt_qazlal_clouds
D:9:      minmay_recursive_quarters, layout_grid_maze, david_lair_shrubbed,
          kb_lookout_dungeons_type, nicolae_stop_n_shop_1, minivault_20,
          lightli_corner_chamber, uniq_psyche
D:10:     layout_small_grid, nemelex_diamond_rough_becter
D:11:     layout_rooms, erik_orc_3, hangedman_abyss_or_decor_stagger,
          nicolae_stop_n_shop_1

Skill      XL: |  1  2  3  4  5  6  7  8  9 10 11 |
---------------+----------------------------------+-----
Axes           | 5 6 7 8 10 11 13 14 15 | 15.7
Armour         | 3 5 7 9 10 | 10.6
Fighting       | 5 7 9 11 12 | 12.3
Dodging        | |  2.4

Action                     |  1- 3 |  4- 6 |  7- 9 | 10-12 || total
---------------------------+-------+-------+-------+-------++-------
  Melee: Hand axe          |    92 |   104 |   246 |   184 ||   626
         Broad axe         |       |       |       |    41 ||    41
 Invoke: Smiting           |       |       |     4 |     8 ||    12
         Convert to Beogh  |       |       |     1 |       ||     1
  Evoke: Wand              |       |       |       |     7 ||     7
    Use: Scroll            |       |     9 |     9 |     9 ||    27
         Potion            |       |     1 |       |     1 ||     2
 Armour: Robe              |    12 |       |       |       ||    12
         Scale mail        |    15 |    35 |    33 |       ||    83
         Plate armour      |       |       |    77 |   100 ||   177
  Dodge: Dodged            |    54 |    42 |    82 |    55 ||   233

Table legend: (Time is in decaauts)
 A = Elapsed time spent in this place.
 B = Non-inter-level travel time spent in this place.
 C = Inter-level travel time spent in this place.
 D = Time resting spent in this place.
 E = Time spent auto-exploring this place.
 F = Levels seen in this place.
 G = Mean time per level.
                   A        B        C        D        E       F      G
               +--------+--------+--------+--------+--------+-----+--------+
         Total |  10523 |  10510 |     13 |   1723 |   6883 |  11 |  956.6 |
       Dungeon |  10523 |  10510 |     13 |   1723 |   6883 |  11 |  956.6 |
               +--------+--------+--------+--------+--------+-----+--------+

Top non-repeatable levels by time:
     D:9: 1748 daAuts
     D:2: 1217 daAuts
     D:4: 1155 daAuts
     D:8: 973 daAuts
     D:6: 957 daAuts
     D:7: 914 daAuts
    D:10: 865 daAuts
     D:3: 837 daAuts
     D:5: 732 daAuts
     D:1: 670 daAuts
    D:11: 450 daAuts
